AoeStats
← SalzZ_classicpro

Arabia

505635277Analyzed
1v1 RM · 23d ago on Sep 10, 2026· 43m 19s· 2 players
Game mode
Random Map
Map size
Tiny (2 player)
Population
200
Speed
Normal
Resources
Standard
Victory
Conquest
Starting age
Dark Age
Ending age
Imperial Age
RankedLock teamsTeams togetherTeam positionsShared explorationLock speedFull tech treeHidden civsTurbo modeCheats
Victory
Defeat
🇯🇵 Khmer · Japan
2758
+18
🇺🇦 Cumans · Ukraine
2793
-18
OS+ | chart
5:42 Loom
8:22 Feudal Age
9:00 Double-Bit Axe
9:23 Horse Collar
16:22 Fletching
17:16 Scale Barding Armor
19:25 Bloodlines
24:38 Castle Age
22:50 Gold Mining
24:47 Light Cavalry
25:52 Bow Saw
29:53 Wheelbarrow
31:24 Bodkin Arrow
31:45 Elite Skirmisher
32:27 Padded Archer Armor
37:29 Imperial Age
35:59 Ballistics
36:25 Leather Archer Armor
38:21 Bracer
39:22 Chemistry
38:29 Husbandry
39:10 Hand Cart
39:52 Masonry
40:35 Ring Archer Armor
40:50 Heavy Cavalry Archer
42:23 Parthian Tactics
SalzZ_classicpro
8:25 Feudal Age
6:40 Loom
10:33 Double-Bit Axe
17:02 Fletching
23:38 Castle Age
22:37 Gold Mining
22:27 Horse Collar
23:14 Padded Archer Armor
23:40 Crossbowman
24:15 Bodkin Arrow
28:16 Wheelbarrow
29:21 Town Watch
30:15 Bow Saw
32:32 Hand Cart
33:18 Ballistics
34:01 Thumb Ring
33:52 Stone Mining
38:30 Imperial Age
37:04 Bloodlines
37:09 Leather Archer Armor
38:34 Elite Kipchak
40:42 Chemistry
40:51 Ring Archer Armor
40:50 Parthian Tactics
42:12 Conscription
42:44 Scale Barding Armor
42:49 Forging
42:01 Light Cavalry
Connection lost

Rejoining the realm…

Still unreachable

The connection could not be restored.

Session expired

The server has moved on; the page needs a fresh start.